 Dungeon Crawl Stone Soup version 0.30-a0-651-g0755cc6dcf (webtiles) character file.

Game seed: 11694679240284158405

22 Caratheodory the Gusty (level 2, -3/18 HPs)
             Began as an Octopode Air Elementalist on Jan 17, 2023.
             Slain by a gnoll
             ... wielding a +0 club
              (9 damage)
             ... on level 1 of the Dungeon.
             The game lasted 00:02:39 (458 turns).

Caratheodory the Gusty (Octopode Air Elementalist)   Turns: 458, Time: 00:02:40

Health: -3/18      AC:  1    Str:  7    XL:     2   Next: 91%
Magic:  0/5        EV: 13    Int: 17    God:
Gold:   20         SH:  0    Dex: 12    Spells: 2/5 levels left

rFire   . . .      SeeInvis .      - Unarmed
rCold   . . .      Faith    .    (no shield)
rNeg    . . .      Spirit   .    (helmet restricted)
rPois   .          Reflect  .    (no amulet)
rElec   .          Harm     .    (no ring)
rCorr   .          Rampage  .    (no ring)
Will    .....                    (no ring)
Stlth   +++                      (no ring)
HPRegen 0.23/turn                (no ring)
MPRegen 0.09/turn                (no ring)
                                 (no ring)
                                 (no ring)

@: very slightly contaminated
A: almost no armour, amphibious, 8 rings, camouflage 1, gelatinous body 1,
(nimble swimmer 1), tentacles
a: no special abilities


You were on level 1 of the Dungeon.
You visited 1 branch of the dungeon, and saw 1 of its levels.

You collected 20 gold pieces.

Inventory:

Potions
 a - a potion of magic
 b - a potion of curing {unknown}
 c - a potion of haste {unknown}
 d - a potion of resistance {unknown}


   Skills:
 + Level 1.0 Fighting
 - Level 2.0 Dodging
 - Level 2.6 Stealth
 + Level 1.0 Unarmed Combat
 + Level 2.3 Spellcasting
 - Level 1.0 Conjurations
 + Level 3.2 Air Magic


You had 2 spell levels left.
You knew the following spells:

 Your Spells              Type           Power      Damage    Failure   Level
a - Shock                 Conj/Air       36%        1d5       8%          1
b - Static Discharge      Conj/Air       18%        2-3/arc   12%         2

Your spell library contained the following spells:

 Spells                   Type           Power      Damage    Failure   Level
 Swiftness                Air            13%        N/A       14%         3
 Airstrike                Air            6%         2d(1-17)  43%         4


Dungeon Overview and Level Annotations

Branches:
Dungeon (1/15)

Altars:


Innate Abilities, Weirdness & Mutations

You cannot wear most types of armour.
You are amphibious.
You can wear up to eight rings at the same time.
Your skin changes colour to match your surroundings (Stealth+).
Your rubbery body absorbs attacks. (AC +1, EV +1)
((You are camouflaged when in or above water. (Stealth+)))
You have tentacles for arms and can constrict up to eight enemies at once.


Message History

You tentacle-slap the jackal but do no damage.
You grab the jackal. You constrict the jackal. The jackal barely misses you.
The jackal closely misses you. The jackal misses you.
You closely miss the jackal. You grab the jackal. You constrict the jackal. x2
The jackal misses you. The jackal closely misses you. The jackal bites you.
You tentacle-slap the jackal.
The jackal is almost dead.
You constrict the jackal, but do no damage. x2
The jackal barely misses you. x2
You tentacle-slap the jackal.
The jackal is almost dead.
You constrict the jackal.
You kill the jackal!
You constrict the jackal, but do no damage.
The jackal bites you. The jackal closely misses you.
Your magical contamination has completely faded away.
You tentacle-slap the jackal but do no damage.
The jackal is almost dead.
You constrict the jackal, but do no damage.
The jackal completely misses you.
Casting: Static Discharge (safe; 12% risk of failure)
Confirm with . or Enter, or press ? or * to list all spells.
Aiming: Shock (safe; 8% risk of failure)
Press: ? - help, Shift-Dir - straight line, f - jackal
Aim: a jackal (almost dead, constricted by you, 97% to hit)
You miscast Shock.
You are very lightly contaminated with residual magic.
Nothing appears to happen.
You constrict the jackal, but do no damage.
The jackal bites you. x2
You tentacle-slap the gnoll but do no damage.
Your grab misses the gnoll. You constrict the jackal.
You kill the jackal!
The gnoll hits you with a +0 club.
Your Fighting skill increases to level 1!
You tentacle-slap the gnoll. Your grab misses the gnoll.
The gnoll is moderately wounded.
The gnoll hits you with a +0 club!
Ouch! That really hurt!
You die...

.. # .#.#.### ####.
........ .....
........ ...#####
######## ##.....##
#### ##.......##
######...
#.........###..†...##
#...@....†#[...#†.###
#..g.†.........##.###
#..........##...##†##
#.........#......##.#
#............#.....##.
#........).####.....##
#(.........# ##.....#
#............ #.....
#..........!> #....


You could see a gnoll.

Vanquished Creatures
  A dart slug (D:1)
  A ball python (D:1)
  An endoplasm (D:1)
  A goblin (D:1)
  2 hobgoblins (D:1)
  3 jackals (D:1)
  A kobold (D:1)
  A quokka (D:1)
  4 bats (D:1)
  A frilled lizard (D:1)
  2 rats (D:1)
18 creatures vanquished.

Notes
Turn   | Place    | Note
-------+----------+-------------------------------------------
     0 | D:1      | Caratheodory the Octopode Air Elementalist began the quest
                  | for the Orb.
     0 | D:1      | Reached XP level 1. HP: 11/11 MP: 3/3
   198 | D:1      | Reached XP level 2. HP: 18/18 MP: 1/5
   311 | D:1      | Learned a level 2 spell: Static Discharge
   386 | D:1      | Reached skill level 1 in Unarmed Combat
   458 | D:1      | Reached skill level 1 in Fighting
   458 | D:1      | Slain by a gnoll

Illustrated notes

Levels and vault maps discovered:
D:1:      psy_arrival_spokes, layout_rooms

Skill      XL: |  1  2 |
---------------+-------+-----
Unarmed Combat | 1 |  1.0
Fighting       | 1 |  1.0
Dodging        | |  2.0
Stealth        | |  2.6
Spellcasting   | |  2.3
Conjurations   | |  1.0
Air Magic      | |  3.2

Action                   || total
-------------------------++-------
Melee: Unarmed           ||    35
       Constrict         ||     7
       Tentacles         ||     6
 Cast: Shock             ||    20
       Static Discharge  ||     1
Armor: Skin              ||     9
Dodge: Dodged            ||    31

Table legend: (Time is in decaauts)
 A = Elapsed time spent in this place.
 B = Non-inter-level travel time spent in this place.
 C = Inter-level travel time spent in this place.
 D = Time resting spent in this place.
 E = Time spent auto-exploring this place.
 F = Levels seen in this place.
 G = Mean time per level.
                   A        B        C        D        E       F      G
               +--------+--------+--------+--------+--------+-----+--------+
         Total |    457 |    457 |      0 |      0 |    352 |   1 |  457.0 |
       Dungeon |    457 |    457 |      0 |      0 |    352 |   1 |  457.0 |
               +--------+--------+--------+--------+--------+-----+--------+

Top non-repeatable levels by time:
     D:1: 457 daAuts
